 Dungeon Crawl Stone Soup version 0.29-a0-330-g52719c12eb (webtiles) character file.

Game seed: 4088427653379058364

15 Ajdolov the Skirmisher (level 2, -1/33 HPs)
             Began as an Ogre Delver on Apr 22, 2022.
             Slain by Terence
             ... wielding a +0 mace
              (5 damage)
             ... on level 3 of the Dungeon.
             The game lasted 00:01:28 (697 turns).

Ajdolov the Skirmisher (Ogre Delver)                 Turns: 697, Time: 00:01:28

Health: -1/33      AC:  3    Str: 15    XL:     2   Next: 50%
Magic:  2/2        EV:  9    Int: 11    God:
Gold:   29         SH:  0    Dex: 10    Spells: 1/1 levels left

rFire   . . .      SeeInvis .   a - +0 mace
rCold   . . .      Faith    .   (no shield)
rNeg    . . .      Spirit   .   b - +0 robe
rPois   .          Reflect  .   (helmet restricted)
rElec   .          Harm     .   (no cloak)
rCorr   .          Rampage  .   (gloves unavailable)
Will    .....                   (boots unavailable)
Stlth   ++........              (no amulet)
HPRegen 0.11/turn               (no ring)
MPRegen 0.08/turn               (no ring)

@: no status effects
A: large, unfitting armour, tough skin 1
a: no special abilities


You were on level 3 of the Dungeon.
You visited 1 branch of the dungeon, and saw 3 of its levels.

You collected 29 gold pieces.

Inventory:

Hand Weapons
 a - a +0 mace (weapon)
Armour
 b - a +0 robe (worn)
Wands
 g - a wand of digging (3)
Scrolls
 c - a scroll of fog
 d - 2 scrolls of magic mapping
 e - a scroll of fear
 j - 2 scrolls of identify {unknown}
 k - a scroll of teleportation {unknown}
Potions
 f - a potion of haste
 h - a potion of brilliance {unknown}
 i - 2 potions of curing {unknown}


   Skills:
 + Level 4.3 Fighting
 * Level 2.4 Maces & Flails
 - Level 1.7 Dodging
 - Level 3.7 Stealth


You had one spell level left.
You didn't know any spells.
Your spell library was empty.

Dungeon Overview and Level Annotations

Branches:
Dungeon (5/15)
 Temple: D:4-7

Altars:
Zin

Shops:
D:3 *

Annotations:
D:3 2 transporters, Terence
D:4 exclusion: water moccasin


Innate Abilities, Weirdness & Mutations

You are too large for most types of armour.
You have tough skin. (AC +1)


Message History

Found Zin's Purification Station.
Found a stone staircase leading up.
Found a glowing silver altar of Zin.
There is an entrance to Zin's Purification Station here.
You can access your shopping list by pressing '$'.
k - a scroll labelled TEYGAA KEPRORCH
Found a ring mail.
j - 2 scrolls labelled CACIEG JYASU (gained 1) Terence the Incautious comes into view.
He is wielding a +0 mace.
You see here an amethyst potion.
i - 2 amethyst potions (gained 1) Terence shouts!
You hit Terence.
Terence is moderately wounded.
Terence hits you with a +0 mace. x2
You barely miss Terence.
Terence is moderately wounded.
Terence closely misses you.
You closely miss Terence.
Terence is moderately wounded.
Terence hits you with a +0 mace.
You hit Terence but do no damage.
Terence is moderately wounded.
Terence hits you with a +0 mace.
You closely miss Terence.
Terence is moderately wounded.
Terence hits you with a +0 mace. x2
* * * LOW HITPOINT WARNING * * *
You hit Terence.
Terence is heavily wounded.
Terence hits you but does no damage.
You hit Terence but do no damage.
Terence is heavily wounded.
Terence barely misses you.
You hit Terence.
Terence is severely wounded.
Terence hits you with a +0 mace.
* * * LOW HITPOINT WARNING * * *
Terence hits you with a +0 mace.
You die...

..........# #..#
#..........
.#.##>##### #..##
#.#####.###
.#.#.... #...# #.#
....#.### #..#...#
#.# ...##.# #..#
### #.# .####.#
#[#####..# #.#
......# #........#
..# .######
#######@## ### .#
#@#
.###############.#
.................#
##################


You could see Terence.

Vanquished Creatures
  An adder (D:3)
  A dart slug (D:3)
  2 bats (D:3)
  A frilled lizard (D:3)
  A kobold (D:3)
  A rat (D:3)
7 creatures vanquished.

Notes
Turn   | Place    | Note
-------+----------+-------------------------------------------
     0 | D:5      | Ajdolov the Ogre Delver began the quest for the Orb.
     0 | D:5      | Reached XP level 1. HP: 24/24 MP: 1/1
    22 | D:4      | Noticed a water moccasin
   184 | D:3      | Found a transporter.
   185 | D:3      | Noticed a kobold demonologist
   194 | D:3      | Noticed an orc priest
   234 | D:3      | Found a transporter.
   341 | D:3      | Reached XP level 2. HP: 18/33 MP: 2/2
   584 | D:3      | Found Zin's Purification Station.
   589 | D:3      | Found a glowing silver altar of Zin.
   677 | D:3      | Noticed Terence
   697 | D:3      | Slain by Terence

Illustrated notes

Levels and vault maps discovered:
D:3:      gammafunk_wand_slinger, layout_loops_ring, zin_purify, uniq_terence
D:4:      layout_basic, minmay_temple_entry_grid, kennysheep_cross_room,
          uniq_ijyb, uniq_duvessa
D:5:      layout_loops_ring, nicolae_elevator_lobby_plus

Skill      XL: |  1 |
---------------+----+-----
Maces & Flails | 2 |  2.4
Fighting       | |  4.3
Dodging        | |  1.7
Stealth        | |  3.7

Action                   || total
-------------------------++-------
Melee: Mace              ||    28
 Stab: Sleeping          ||     3
Armor: Robe              ||     6
Dodge: Dodged            ||    17

Table legend: (Time is in decaauts)
 A = Elapsed time spent in this place.
 B = Non-inter-level travel time spent in this place.
 C = Inter-level travel time spent in this place.
 D = Time resting spent in this place.
 E = Time spent auto-exploring this place.
 F = Levels seen in this place.
 G = Mean time per level.
                   A        B        C        D        E       F      G
               +--------+--------+--------+--------+--------+-----+--------+
         Total |    704 |    704 |      0 |     31 |    428 |   3 |  234.7 |
       Dungeon |    704 |    704 |      0 |     31 |    428 |   3 |  234.7 |
               +--------+--------+--------+--------+--------+-----+--------+

Top non-repeatable levels by time:
     D:3: 575 daAuts
     D:4: 110 daAuts
     D:5: 18 daAuts
